[Event "Open Nuevo Centro. Jornada 1"]
[Site "Chess.com"]
[Date "2020.06.19"]
[Round "8"]
[White "Bendayan Claros, Aaron"]
[Black "Blanco Solaz, Ram�n"]
[Result "1-0"]
[WhiteElo "1778"]
[BlackElo "1963"]
[TimeControl "180+2"]
[EndTime "12:04:54 PDT"]
[Termination "Victoria de Cuajada_Zero por abandono"]

1. d4 Nf6 2. Bg5 Ne4 3. Bf4 c5 4. f3 Qa5+ 5. c3 Nf6 6. Nd2 cxd4 7. Nb3 Qf5 8. Qxd4 Nc6 9. Qd2 e5 10. Bg3 d5 11. e3 a5 12. Bd3 Qe6 13. Ne2 a4 14.
Nbc1 Bc5 15. Bf2 O-O 16. O-O b6 17. Bc2 Ba6 18. Nd3 Bd6 19. Rfe1 b5 20. Rad1 Na5 21. a3 Bb7 22. Nb4 Nc4 23. Qc1 Rac8 24. Ng3 g6 25. Qb1 Rfd8 26. Bd3 Kg7 27. Bxc4 Rxc4 28. Qd3 h5 29.
Qe2 Bb8 30. Nf1 Rcc8 31. Qxb5 Rc7 32. Qxa4 Nd7 33. Qb3 Nc5 34. Qc2 Ba7 35. Qe2 f5 36. Nd2 Bb6 37. c4 dxc4 38. Nxc4 Rxd1 39. Rxd1 Ba7 40.
Na5 Bc8 41. Nd5 Rd7 42. e4 Ba6 43. Qc2 fxe4 44. fxe4 Qd6 45. b4 Ne6 46. Bxa7 Rxa7 47. Qc6 Qd8 48. Qxe6 Be2 49. Nc6 Qf8 50. Qxe5+ Kh7 51.
Nxa7 Bxd1 52. Qe7+ Qxe7 53. Nxe7 Kh6 54. b5 Kg5 55. b6 1

[Event "Open Nuevo Centro. Jornada 1"]
[Site "Chess.com"]
[Date "2020.06.19"]
[Round "8"]
[White "Montesinos Diaz, Luis"]
[Black "Chernikov, Vladimir"]
[Result "0-1"]
[WhiteElo "1903"]
[BlackElo "2247"]
[TimeControl "180+2"]
[EndTime "12:04:57 PDT"]
[Termination "Victoria de isla88 por abandono"]

1. d4 Nf6 2. Nf3 c5 3. e3 e6 4. b3 b6 5. Bb2 Be7 6. Bd3 Bb7 7. Nbd2 d6 8. O-O Nbd7 9. c4 h6 10. Qe2 Qc7 11. Rfe1 O-O 12. e4 cxd4 13. Nxd4 a6 14. Kh1 Rfe8 15. f4 Nc5 16. Bc2 Rad8 17. b4 Ncd7 18.
a3 Qb8 19. e5 dxe5 20. fxe5 Nh7 21. N2f3 Qa8 22. Rad1 Ndf8 23. Rf1 Ng5 24. Nxg5 Bxg5 25.
Qf2 Re7 26. Nf3 Rxd1 27. Rxd1 Rd7 28. Rxd7 Nxd7 29. Nxg5 hxg5 30. Kg1 Be4 31. Bd4 a5 32. b5 Qb7 33. h3 g6 34. a4 Bxc2 35. Qxc2 Qc7 36.
Qd3 Kg7 37. Qe2 Nc5 38. Qe3 Nxa4 39. Qxg5 Qxc4 40. Qf6+ Kg8 41. Be3 Kf8 42. Qd8+ Kg7 43. Qf6+ Kf8 44. Bh6+ Ke8 45. Qh8+ Kd7 46. Qf6 Qc5+ 47. Kh2 Qe7 48. Qf4 Nc5 49. Qd2+ Kc7 50. Bg5 Qd7 51. Qe3 Qd5 52. Bf6 Kb7 53. Qh6 Nd7 54. Qg7 Nxf6 55. exf6 e5 56. Qf8 Qd7 57. Qe7 Kc7 58. Qxe5+ Qd6 59. Qxd6+ Kxd6 60. Kg3 a4 61. Kg4 a3 62. Kg5 a2 63. g4 a1=Q 64. h4 Qe5+ 65. Kh6 Qxf6 66. h5 g5+ 0

[Event "Open Nuevo Centro. Jornada 1"]
[Site "Chess.com"]
[Date "2020.06.19"]
[Round "8"]
[White "Beneyto de Ramon, Guillermo"]
[Black "Deusa Ballesteros, Lucas "]
[Result "0-1"]
[WhiteElo "1480"]
[BlackElo "1464"]
[TimeControl "180+2"]
[EndTime "12:05:03 PDT"]
[Termination "Victoria de facundillo2009 por tiempo"]

1. c4 e5 2. Nc3 Nc6 3. g3 f5 4.
Bg2 Nf6 5. d3 Bb4 6. Bg5 Bxc3+ 7. bxc3 h6 8. Bd2 O-O 9. Nf3 d6 10. O-O g5 11. Nxg5 hxg5 12. Bxg5 Bd7 13. Qd2 Qe7 14. Bh6 Qh7 15. Bf3 Qg6 16. Bxf8 Rxf8 17.
h4 e4 18. Bg2 exd3 19. exd3 Nh5 20. Bd5+ Kh8 21. Rfe1 f4 22. Rab1 fxg3 23. fxg3 Qxg3+ 24. Bg2 Nf4 25. Re3 Qxg2+ 26. Qxg2 Nxg2 27. Kxg2 b6 28. Rf1 Rxf1 29. Kxf1 Ne5 30. Ke2 Bf5 31. Kd2 Kh7 32.
Rg3 Kh6 33. Ke3 a5 34. Kd2 a4 35. a3 Bg6 36. Ke2 Kh5 37. Rg5+ Kxh4 38. Rg2 Bxd3+ 39.
Kd2 Bxc4 40. Rg7 Bb3 41. Rxc7 Nc4+ 42. Kd3 Nxa3 43. Rc6 b5 44. Rxd6 Bc4+ 45. Kd2 Bb3 46. Rd4+ Kg5 47. Re4 Nc4+ 48. Kc1 a3 49. Re2 a2 50. Rxa2 Bxa2 51. Kc2 Kf4 52. Kd3 Ne5+ 53.
Kd4 Bc4 54. Kc5 Ke3 55. Kb4 Nc6+ 0

[Event "Open Nuevo Centro. Jornada 1"]
[Site "Chess.com"]
[Date "2020.06.19"]
[Round "8"]
[White "Romero Barkouk, Rayan "]
[Black "Gimenez Saiz, Jose Raul"]
[Result "0-1"]
[WhiteElo "1180"]
[BlackElo "1536"]
[TimeControl "180+2"]
[EndTime "12:05:21 PDT"]
[Termination "Victoria de rango013 por abandono"]

1. d4 Nf6 2. Nc3 d5 3. Nf3 Bf5 4. Bg5 e6 5. e3 Be7 6. Bxf6 Bxf6 7.
Bd3 Bxd3 8. Qxd3 a6 9. O-O O-O 10. e4 dxe4 11. Nxe4 Nc6 12. Nxf6+ Qxf6 13. Qe4 Rad8 14.
Qh4 Qxh4 15. Nxh4 Rxd4 16. Nf3 Rd7 17. Rad1 Rfd8 18. Rxd7 Rxd7 19. b3 Kf8 20. a4 Ke7 21. Re1 h6 22. h3 f6 23. Nh4 Kf7 24. Kh2 Ne5 25. Kg1 g5 26. Nf3 Nxf3+ 27. gxf3 Rd2 28. c4 Rd3 29. Rb1 Rxf3 30. b4 Rxh3 31. Rd1 Ke7 32.
Kg2 Ra3 33. a5 Rb3 34. b5 axb5 35. cxb5 Rxb5 36. a6 bxa6 37. Rc1 c5 38. Kf3 Kd6 39. Ke4 f5+ 40. Kd3 e5 41. f3 Kd5 42. Rd1 Rb3+ 43. Kc2+ Kc4 44. Rc1 Kb4 45. Rd1 c4 46.
Rd5 Rxf3 47. Rxe5 Rf2+ 48. Kd1 Kc3 49. Rd5 h5 50. Ke1 Rf3 51. Ke2 g4 52. Ra5 h4 53.
Rxa6 h3 54. Rh6 Kc2 55. Rh5 c3 56. Rh6 Kc1 57. Rc6 c2 0

[Event "Open Nuevo Centro. Jornada 1"]
[Site "Chess.com"]
[Date "2020.06.19"]
[Round "8"]
[White "Castellano L�pez, Javier"]
[Black "Gutierrez Marco, Dario"]
[Result "1/2-1/2"]
[WhiteElo "1772"]
[BlackElo "1916"]
[TimeControl "180+2"]
[EndTime "12:05:56 PDT"]
[Termination "Partida en tablas por material insuficiente"]

1. d4 Nf6 2. c4 c5 3. d5 e6 4. Nc3 exd5 5. cxd5 d6 6. e4 g6 7. Nf3 Bg7 8. Bd3 O-O 9. O-O a6 10. a4 Bg4 11. h3 Bxf3 12. Qxf3 Nbd7 13. Bf4 Qc7 14.
Rfe1 Rfe8 15. Bh2 Nh5 16. g4 Nhf6 17. Qg3 Ne5 18. f4 Nxd3 19. Qxd3 Nd7 20. Re2 Re7 21. Rae1 Rae8 22. b3 Qb6 23. Qc4 Qa5 24. Na2 b5 25.
axb5 axb5 26. Qc2 Qb6 27. Kg2 Qc7 28. Bg1 Nb6 29. Nc3 b4 30. Nd1 Rc8 31. Ne3 c4 32.
Nxc4 Nxc4 33. bxc4 Qxc4 34. Qxc4 Rxc4 35. Kf3 Rc3+ 36. Re3 Bd4 37. Rxc3 Bxc3 38. Rb1 f6 39. Be3 Rb7 40. Ke2 Kf7 41. Bd2 Bxd2 42. Kxd2 f5 43. Kd3 fxe4+ 44. Kxe4 Kf6 45. Kd4 b3 46. Kc3 Rc7+ 47.
Kxb3 Rc5 48. Rd1 h5 49. Rd4 Rc1 50. Rd3 Rf1 51. Rd4 Rf3+ 52. Kc4 Rxh3 53. gxh5 gxh5 54. Re4 Rf3 55. Kd4 Kf5 56. Re6 Rxf4+ 57. Ke3 Ra4 58. Rxd6 Ra5 59. Rd8 h4 60. d6 Kg4 61. d7 Ra3+ 62.
Ke4 Ra4+ 63. Ke5 Ra5+ 64. Ke6 Ra6+ 65. Ke7 Ra7 66. Rg8+ Kf3 67. Ke6 Rxd7 68. Kxd7 h3 69. Ke6 h2 70. Rh8 Kg2 71. Rg8+ Kf2 72. Rh8 Kg2 73.
Rxh2+ Kxh2 1/2-1

[Event "Open Nuevo Centro. Jornada 1"]
[Site "Chess.com"]
[Date "2020.06.19"]
[Round "9"]
[White "Gukasov, Artem"]
[Black "Rodriguez, Mathias"]
[Result "0-1"]
[WhiteElo "1532"]
[BlackElo "1973"]
[TimeControl "180+2"]
[EndTime "12:08:35 PDT"]
[Termination "Victoria de niguil por abandono"]

1. e4 c5 2. Nf3 Nc6 3. d4 cxd4 4. Nxd4 Nf6 5. Nc3 e5 6. Nxc6 bxc6 7. Be3 Bb4 8. Bd3 d5 9. exd5 cxd5 10. a3 Bxc3+ 11. bxc3 O-O 12. O-O h6 13. Be2 Bf5 14. f3 Rc8 15. Qd2 Qc7 16. Bd3 Bxd3 17. Qxd3 Qxc3 18. Qxc3 Rxc3 19. Bxa7 Rxc2 20. Rfe1 e4 21.
fxe4 dxe4 22. Bd4 Re8 23. Bxf6 gxf6 24. Rab1 Ra2 25. Rb3 Kg7 26. Rbe3 f5 27. Rd3 exd3 28. Rxe8 d2 29. Rd8 Ra1+ 0

[Event "Open Nuevo Centro. Jornada 1"]
[Site "Chess.com"]
[Date "2020.06.19"]
[Round "9"]
[White "Grigorev, Artur "]
[Black "Rabbani Perez, Oumaima "]
[Result "1-0"]
[WhiteElo "874"]
[BlackElo "754"]
[TimeControl "180+2"]
[EndTime "12:09:12 PDT"]
[Termination "Victoria de Arturiog por jaque mate"]

1. e4 e5 2. Nf3 Nf6 3. Nxe5 Nxe4 4. Qe2 Nf6 5. Nc6+ Be7 6. Nxd8 Kxd8 7. d3 Nc6 8. Bg5 Nd4 9. Qe5 Ng4 10. Bf4 Nc6 11.
Qxc7+ Ke8 12. d4 Nxd4 13. Bc4 Bh4 14. O-O Nxf2 15. Re1+ Kf8 16. Bd6+ Kg8 17. Re8# 1

[Event "Open Nuevo Centro. Jornada 1"]
[Site "Chess.com"]
[Date "2020.06.19"]
[Round "9"]
[White "Morata Briones, Carlos"]
[Black "Miranda Calvo, Max Rodrigo"]
[Result "0-1"]
[WhiteElo "771"]
[BlackElo "1202"]
[TimeControl "180+2"]
[EndTime "12:09:26 PDT"]
[Termination "Victoria de bas-max-miranda por jaque mate"]

1. e4 e5 2. Qh5 Nc6 3. Bc4 g6 4. Qf3 Nf6 5. c3 Bg7 6. Nh3 d6 7. Ng5 Bg4 8. Qe3 O-O 9. Bxf7+ Rxf7 10. Nxf7 Kxf7 11. Na3 Be6 12. b3 a6 13. c4 Nd4 14.
O-O Kg8 15. Bb2 c5 16. Bxd4 cxd4 17. Qf3 Qe7 18. Nc2 Rf8 19. Ne1 Nh5 20. Qh3 Nf4 21.
Qg3 Ne2+ 22. Kh1 Nxg3+ 23. fxg3 Rxf1# 0

[Event "Open Nuevo Centro. Jornada 1"]
[Site "Chess.com"]
[Date "2020.06.19"]
[Round "9"]
[White "Montesinos Diaz, Luis"]
[Black "Donate Peris, Jose Manuel"]
[Result "1-0"]
[WhiteElo "1925"]
[BlackElo "1624"]
[TimeControl "180+2"]
[EndTime "12:09:41 PDT"]
[Termination "Victoria de Gwiso_06 por abandono"]

1. d4 Nf6 2. Nf3 d5 3. e3 h6 4. Bd3 e6 5. b3 c5 6. Bb2 Nc6 7. a3 a5 8. O-O Bd7 9. Nbd2 Bd6 10. c4 dxc4 11. Nxc4 Be7 12. Nfe5 cxd4 13. exd4 Nxe5 14.
Nxe5 Nd5 15. Qf3 Bf6 16. Rac1 O-O 17. Rfd1 Rc8 18. Qe4 g6 19. Nxg6 Rxc1 20. Ne7+ 1

[Event "Open Nuevo Centro. Jornada 1"]
[Site "Chess.com"]
[Date "2020.06.19"]
[Round "9"]
[White "Zamora Soler, Raul"]
[Black "Gimeno Higueras, Roberto"]
[Result "1-0"]
[WhiteElo "1770"]
[BlackElo "1984"]
[TimeControl "180+2"]
[EndTime "12:09:53 PDT"]
[Termination "Victoria de rzamora80 por abandono"]

1. e4 c6 2. d4 d5 3. exd5 cxd5 4. Bb5+ Nc6 5. Bxc6+ bxc6 6. c3 Nf6 7. Bf4 g6 8. Ne2 Bg7 9. O-O O-O 10. Re1 Nh5 11. f3 Re8 12. Nd2 Ba6 13. Bg3 Nxg3 14. hxg3 e5 15. Nb3 e4 16. fxe4 Bxe2 17. Rxe2 dxe4 18. Nc5 f5 19. Qb3+ Qd5 20. Qxd5+ cxd5 21. b4 g5 22. Rf1 Rf8 23. Ne6 h6 24. Nxf8 Bxf8 25. Rxf5 Rc8 26.
Rxd5 Rxc3 27. Rd8 Kf7 28. Rf2+ 1

[Event "Open Nuevo Centro. Jornada 1"]
[Site "Chess.com"]
[Date "2020.06.19"]
[Round "9"]
[White "Teply Koutsky, David"]
[Black "Ferrando Lacruz, Nicol�s "]
[Result "1-0"]
[WhiteElo "1584"]
[BlackElo "1328"]
[TimeControl "180+2"]
[EndTime "12:10:11 PDT"]
[Termination "Victoria de Mrchessmashine por jaque mate"]

1. d4 g6 2. c4 Nf6 3. Nc3 e6 4.
e4 Bg7 5. Be2 O-O 6. Be3 Nc6 7. f3 Nh5 8. g4 Qh4+ 9. Bf2 Qf6 10. e5 Qe7 11. gxh5 gxh5 12. Qd2 d6 13. exd6 cxd6 14. O-O-O Qf6 15. Be3 e5 16. dxe5 dxe5 17. Ne4 Rd8 18. Nxf6+ Bxf6 19. Qc2 Nb4 20. Rxd8+ Bxd8 21. Qd2 a5 22. Bh6 Nxa2+ 23. Kb1 Nb4 24. Qxd8# 1

[Event "Open Nuevo Centro. Jornada 1"]
[Site "Chess.com"]
[Date "2020.06.19"]
[Round "9"]
[White "Yuste Valenzuela, Alejandro"]
[Black "Deusa Ballesteros, Lucas "]
[Result "1-0"]
[WhiteElo "1777"]
[BlackElo "1461"]
[TimeControl "180+2"]
[EndTime "12:10:15 PDT"]
[Termination "Victoria de alejandrito290 por abandono"]

1. e4 c5 2. Nf3 d6 3. d4 cxd4 4. Nxd4 Nf6 5. Nc3 g6 6. Bc4 Bg7 7. Be3 Nc6 8. f3 Na5 9. Bb3 Nxb3 10. axb3 O-O 11. Qd2 a6 12. h4 h5 13. O-O-O b5 14.
Kb1 Bb7 15. g4 hxg4 16. h5 gxh5 17. Bh6 Bc8 18. Qg5 Ne8 19. Rxh5 f6 20. Qg6 e5 21. Rdh1 1

[Event "Open Nuevo Centro. Jornada 1"]
[Site "Chess.com"]
[Date "2020.06.19"]
[Round "9"]
[White "Zakharash, Georgii"]
[Black "Beneyto de Ramon, Guillermo"]
[Result "0-1"]
[WhiteElo "1049"]
[BlackElo "1481"]
[TimeControl "180+2"]
[EndTime "12:10:21 PDT"]
[Termination "Victoria de GUILLETE por jaque mate"]

1. e4 Nf6 2. e5 Nd5 3. d4 d6 4. c4 Nb6 5. f4 dxe5 6. fxe5 Nc6 7. Nf3 Bg4 8. h3 Bxf3 9. Qxf3 Qxd4 10. Bf4 Qxb2 11.
Nd2 Qxa1+ 12. Ke2 Nd4+ 13. Kf2 Nxf3 14. Kxf3 Qxa2 15. Bg5 Rd8 16. Bh4 Qxd2 17. Bg5 Qxg5 18. Rg1 Qf5+ 19. Ke3 e6 20. Be2 Bc5# 0

[Event "Open Nuevo Centro. Jornada 1"]
[Site "Chess.com"]
[Date "2020.06.19"]
[Round "9"]
[White "Serradilla Revert, Rodrigo"]
[Black "Rabbani Perez, Ayoub "]
[Result "1-0"]
[WhiteElo "628"]
[BlackElo "222"]
[TimeControl "180+2"]
[EndTime "12:10:27 PDT"]
[Termination "Victoria de ordigo2011 por abandono"]

1. d4 c5 2. e3 cxd4 3. exd4 Nc6 4. Nf3 Nxd4 5. Nxd4 b5 6. Nxb5 a6 7. N5a3 d5 8. g3 a5 9. Nb5 Bf5 10. Nd4 Bxc2 11. Nxc2 d4 12. Bh3 d3 13. Qxd3 Qxd3 14. Bf1 Qd8 15. Ke2 Rc8 16. Bg2 Rc7 17. Rd1 Rd7 18.
Bc6 Qb8 19. Bxd7+ Kd8 20. Bf4 Qxb2 21. Bc6+ Kc8 22. Bc1 a4 23. Bxb2 e5 1

[Event "Open Nuevo Centro. Jornada 1"]
[Site "Chess.com"]
[Date "2020.06.19"]
[Round "9"]
[White "Cin� Asensio, Luca "]
[Black "Maestre Soler, Sergio"]
[Result "0-1"]
[WhiteElo "499"]
[BlackElo "891"]
[TimeControl "180+2"]
[EndTime "12:10:37 PDT"]
[Termination "Victoria de Sergiete2011 por jaque mate"]

1. e4 e5 2. Bc4 Nf6 3. d3 Nc6 4.
Nf3 Bb4+ 5. Bd2 Bc5 6. Ng5 O-O 7. Nxf7 Rxf7 8. Bxf7+ Kxf7 9. O-O Nb4 10. Bxb4 Bxb4 11.
Nc3 d6 12. a3 Bc5 13. Na4 Bb6 14. Nxb6 cxb6 15. Qf3 Bd7 16. c4 Kg8 17. Qg3 Bg4 18.
h3 Bd7 19. Qh2 b5 20. g4 bxc4 21. dxc4 Nxe4 22. h4 Nd2 23. Rfd1 Nf3+ 24. Kg2 Nxh2 25. Kxh2 Bxg4 26. Kg3 Bxd1 27. Rxd1 d5 28. cxd5 Qf8 29. Kg4 Qf6 30. Kh5 Rf8 31. Kg4 Qf4+ 32. Kh3 Qf3+ 33. Kh2 Qxd1 34. Kg2 Qd2 35. Kg3 Qxb2 36. Kg4 Qxa3 37. Kh5 Qf3+ 38. Kg5 Qxf2 39. Kh5 Qf5# 0

[Event "Open Nuevo Centro. Jornada 1"]
[Site "Chess.com"]
[Date "2020.06.19"]
[Round "9"]
[White "Romero Barkouk, Rayan "]
[Black "Saiz Sapena, Veronica"]
[Result "0-1"]
[WhiteElo "1176"]
[BlackElo "1559"]
[TimeControl "180+2"]
[EndTime "12:11:12 PDT"]
[Termination "Victoria de Titina1 por abandono"]

1. d4 d5 2. Nf3 Bg4 3. Nc3 Nf6 4.
Bg5 e6 5. Bxf6 Qxf6 6. e3 Bb4 7.
a3 Bxc3+ 8. bxc3 O-O 9. Bd3 b6 10. O-O Nd7 11. Be2 c5 12. h3 Bh5 13. Nh2 Bxe2 14. Qxe2 Rac8 15. Nf3 e5 16. dxe5 Nxe5 17.
Nxe5 Qxe5 18. c4 d4 19. Rfe1 dxe3 20. Qxe3 Qxe3 21. Rxe3 Rc7 22. Rae1 g6 23. Kh2 h5 24. a4 Kg7 25. a5 bxa5 26. Ra3 Rd8 27. Rxa5 Rd2 28. c3 Rxf2 29. Rea1 Rc2 30. Rxa7 Rxa7 31. Rxa7 Rxc3 32. Ra4 Kf6 33. Kg1 Ke5 34. Kf2 Kd4 0

[Event "Open Nuevo Centro. Jornada 1"]
[Site "Chess.com"]
[Date "2020.06.19"]
[Round "9"]
[White "Sanchez Saez, Francisco"]
[Black "Kovacevic, Slobodan"]
[Result "1-0"]
[WhiteElo "2286"]
[BlackElo "2053"]
[TimeControl "180+2"]
[EndTime "12:11:23 PDT"]
[Termination "Victoria de Pacman1995 por abandono"]

1. e4 c5 2. d4 cxd4 3. c3 dxc3 4.
Nxc3 d6 5. Nf3 e6 6. Bc4 Nf6 7. O-O Be7 8. Qe2 O-O 9. Rd1 Nbd7 10. Bf4 a6 11. Bxd6 Bxd6 12. Rxd6 Qc7 13. Rad1 b5 14.
Bb3 Nc5 15. Bc2 b4 16. e5 bxc3 17. exf6 g6 18. Qe3 Nd7 19. Rxd7 Bxd7 20. Qh6 1

[Event "Open Nuevo Centro. Jornada 1"]
[Site "Chess.com"]
[Date "2020.06.19"]
[Round "9"]
[White "Torres Biosca, Roberto"]
[Black "Fern�ndez Mart�n, Berta"]
[Result "1-0"]
[WhiteElo "658"]
[BlackElo "589"]
[TimeControl "180+2"]
[EndTime "12:11:24 PDT"]
[Termination "Victoria de rotolo12 por tiempo"]

1. e4 d5 2. exd5 Nf6 3. Bb5+ c6 4. dxc6 Nxc6 5. Bxc6+ bxc6 6. Qf3 Qd6 7. d3 e5 8. Nc3 Be6 9. d4 Rc8 10. dxe5 Qxe5+ 11. Kf1 Bc4+ 12. Qe2 Bxe2+ 13. Ncxe2 Bc5 14. Bf4 Qxb2 15.
Rc1 O-O 16. Bd2 Rfd8 17. Bc3 1

[Event "Open Nuevo Centro. Jornada 1"]
[Site "Chess.com"]
[Date "2020.06.19"]
[Round "9"]
[White "Elenkov Olmo, Ivan"]
[Black "Lupu, Alexandru Mihai"]
[Result "0-1"]
[WhiteElo "812"]
[BlackElo "1008"]
[TimeControl "180+2"]
[EndTime "12:11:35 PDT"]
[Termination "Victoria de KeenYoyo por abandono"]

1. e4 e5 2. Nf3 Nc6 3. Bc4 Nf6 4. Ng5 d5 5. Bxd5 Nxd5 6. exd5 Qxd5 7. Nc3 Qd8 8. d3 h6 9. Nf3 Bd6 10. O-O O-O 11. Be3 Re8 12. b3 Re7 13. Qe2 Qe8 14. Rad1 Bf5 15. Nh4 Bh7 16. Nd5 Rd7 17. c4 Nd4 18. Bxd4 exd4 19. g3 Qxe2 0

[Event "Open Nuevo Centro. Jornada 1"]
[Site "Chess.com"]
[Date "2020.06.19"]
[Round "9"]
[White "G�mez Alonso, �scar"]
[Black "Gimenez Sanchis, Jose Antonio"]
[Result "1-0"]
[WhiteElo "1738"]
[BlackElo "1420"]
[TimeControl "180+2"]
[EndTime "12:11:41 PDT"]
[Termination "Victoria de osgo78 por abandono"]

1. d4 d5 2. c4 Nf6 3. Nc3 e6 4. cxd5 exd5 5. Nf3 Be7 6. Bg5 Bf5 7. e3 c6 8. Be2 O-O 9. O-O Nbd7 10. a3 h6 11. Bf4 Re8 12. Ne5 Nxe5 13. Bxe5 Nd7 14. Bg3 Nf6 15. b4 Bd6 16. Qb3 Bxg3 17. hxg3 Ne4 18. Nxe4 Bxe4 19. a4 a6 20.
Rac1 Rc8 21. Rc3 Qf6 22. Rfc1 Re6 23. Bg4 Bf5 24. Bxf5 Qxf5 25. b5 axb5 26. axb5 Rf6 27. Qb2 Qe4 28. Qc2 Qxc2 29. R1xc2 Re6 30. g4 Kf8 31. g3 Ke7 32. bxc6 Rexc6 33. Rxc6 Rxc6 34.
Rb2 b6 35. Rb5 Ke6 36. Kg2 g6 37. Kf3 f5 38. gxf5+ gxf5 39. g4 fxg4+ 40. Kxg4 Kf6 41. Rxd5 Rc2 42. Kf3 Ke6 43. Rb5 h5 44. Rxb6+ Kd7 45. Rh6 1

[Event "Open Nuevo Centro. Jornada 1"]
[Site "Chess.com"]
[Date "2020.06.19"]
[Round "9"]
[White "M�ndez Gim�nez , N�stor Emmanuel"]
[Black "Mart�nez Cuenca, Jose Andr�s"]
[Result "0-1"]
[WhiteElo "1126"]
[BlackElo "1073"]
[TimeControl "180+2"]
[EndTime "12:12:01 PDT"]
[Termination "Victoria de JoseAndres2008 por jaque mate"]

1. e4 c5 2. Nf3 g6 3. d4 cxd4 4. Qxd4 Nf6 5. Bg5 Bg7 6. Bxf6 Bxf6 7. e5 Nc6 8. exf6 Nxd4 9. Nxd4 exf6 10. Be2 O-O 11. O-O Qb6 12. Nb3 d6 13. Nc3 Be6 14. Na4 Qb4 15. Nc3 Bxb3 16. axb3 Qf4 17. Nd5 Qe5 18. Bc4 Qxb2 19. Rab1 Qxc2 20. Nxf6+ Kg7 21. Rfc1 Qf5 22. Nd5 Rac8 23. Ne3 Qf6 24. Ng4 Qg5 25. Ne3 b5 26. Bxb5 Rxc1+ 27. Rxc1 d5 28. Bc6 d4 29. Nd5 Qxc1# 0

[Event "Open Nuevo Centro. Jornada 1"]
[Site "Chess.com"]
[Date "2020.06.19"]
[Round "9"]
[White "Galiana Ferrer, Oscar"]
[Black "Juan Alos, Sergio"]
[Result "1-0"]
[WhiteElo "1004"]
[BlackElo "995"]
[TimeControl "180+2"]
[EndTime "12:12:16 PDT"]
[Termination "Victoria de CavalldeFoc2 por abandono"]

1. e4 c6 2. Nc3 d5 3. exd5 Bd7 4. dxc6 Nxc6 5. d4 Nf6 6. Be3 e5 7. dxe5 Nxe5 8. Bd3 Nxd3+ 9. Qxd3 Bb4 10. Qd1 Bxc3+ 11. bxc3 Qa5 12. Nf3 Qxc3+ 13. Nd2 Nd5 14. O-O Nxe3 15.
fxe3 O-O 16. Ne4 Qxe3+ 17. Kh1 Bb5 18. Re1 Qf4 19. g3 Qh6 20. Qd5 a6 21. Qxb7 Rfe8 22. Qd5 Rac8 23. c3 Bc6 24. Qd4 Rcd8 25. Qb4 Bxe4+ 26.
Rxe4 Rxe4 27. Qxe4 Qc6 28. Qxc6 g6 29. Qxa6 1

[Event "Open Nuevo Centro. Jornada 1"]
[Site "Chess.com"]
[Date "2020.06.19"]
[Round "9"]
[White "Hern�ndez Tom�s, Efr�n"]
[Black "M�s Ripoll, Vicente"]
[Result "1-0"]
[WhiteElo "1004"]
[BlackElo "1024"]
[TimeControl "180+2"]
[EndTime "12:12:48 PDT"]
[Termination "Victoria de EfrenHT10 por tiempo"]

1. e4 c5 2. Nf3 Nc6 3. Bc4 h6 4. d4 cxd4 5. Nxd4 Nxd4 6. Qxd4 Qc7 7. Qd5 Nf6 8. Qxf7+ Kd8 9. Bd5 e6 10. Bb3 Nxe4 11.
Qf3 Nc5 12. Nc3 Bd6 13. Nb5 Qc6 14. Qxc6 bxc6 15. Nxd6 Ke7 16. Nxc8+ Raxc8 17. Be3 Ne4 18. f3 Nf6 19. Bxa7 d5 20. Bc5+ Kd7 21. O-O Ra8 22.
c4 Ra5 23. Bb6 Ra6 24. Bd4 Ne8 25. cxd5 cxd5 26. Bc2 g5 27. Bxh8 1

[Event "Open Nuevo Centro. Jornada 1"]
[Site "Chess.com"]
[Date "2020.06.19"]
[Round "9"]
[White "Movsisyan, Tigran"]
[Black "Amor�s P�rez, Manuel David"]
[Result "1/2-1/2"]
[WhiteElo "1873"]
[BlackElo "1664"]
[TimeControl "180+2"]
[EndTime "12:13:16 PDT"]
[Termination "Tablas por repetición de movimientos"]

1. d4 e6 2. c4 d5 3. cxd5 exd5 4. Nc3 Nf6 5. Bg5 Be7 6. e3 h6 7. Bxf6 Bxf6 8. Bd3 O-O 9. Nge2 Nc6 10. Qc2 Nb4 11.
Qb1 Nxd3+ 12. Qxd3 Be6 13. O-O a6 14. f3 c5 15.
dxc5 Bxc3 16. Nxc3 Rc8 17. b4 Qf6 18. Qd4 Qg6 19.
Nxd5 Bxd5 20. Qxd5 Rfd8 21. Qxb7 Rb8 22. Qe4 Qxe4 23.
fxe4 Rxb4 24. c6 Rxe4 25. Rfd1 Rc8 26. Rac1 Re6 27. c7 Ree8 28. Rd6 Kh7 29. Rxa6 Rxe3 30. Rd6 Ree8 31. Rd7 f6 32. a4 Ra8 33. a5 Rec8 34.
Re1 Rxa5 35. Ree7 Kg6 36. Rxg7+ Kf5 37. Rd8 Raa8 38. Rgg8 Ra1+ 39. Kf2 Rxc7 40. g4+ Kf4 41. Rd4+ Ke5 42. Rgd8 Ra2+ 43. Kg3 Rc3+ 44. Rd3 Rxd3+ 45.
Rxd3 Ke6 46. Re3+ Kf7 47. h3 Kg6 48. Rb3 Rd2 49. Kh4 Rd4 50. Rb6 Re4 51. Kg3 Rc4 52. Ra6 Rc3+ 53. Kh4 Rc4 54. Kg3 Rc3+ 55. Kh4 Rc4 56.
Rb6 Rd4 57. Rb3 h5 58. Kg3 hxg4 59. hxg4 Rc4 60. Kh4 Rd4 61. Kg3 Rc4 62. Rf3 Rd4 63. Rf4 Rd3+ 64. Kh4 Rd2 65. Ra4 Rh2+ 66. Kg3 Rc2 67.
Kf4 Rc5 68. Rd4 Rb5 69. Kg3 Rb3+ 70. Kh4 Rb5 71. Rd6 Rb4 72. Ra6 Rc4 73. Rd6 Rb4 74. Rd5 Rc4 75. Kg3 Rc3+ 76. Kf4 Rc4+ 77. Kf3 Rc3+ 78. Kf4 Rc4+ 79. Kg3 Rc3+ 80. Kh4 Rc4 81. Rf5 Rd4 82. Kg3 Rd3+ 83. Rf3 Rd4 84. Rf4 Rd3+ 85. Kh4 Rc3 86. Ra4 Rd3 87. Re4 Rc3 88. Rf4 Rd3 89.
Rf2 Rd4 90. Rf3 Rc4 91. Kg3 Rd4 1/2-1

[Event "Open Nuevo Centro. Jornada 1"]
[Site "Chess.com"]
[Date "2020.06.19"]
[Round "9"]
[White "Martinez Villena, David"]
[Black "R�os Valle, Daniel "]
[Result "1-0"]
[WhiteElo "1712"]
[BlackElo "1221"]
[TimeControl "180+2"]
[EndTime "12:13:17 PDT"]
[Termination "Victoria de DavidMVAlaquas por jaque mate"]

1. e4 c5 2. Nf3 Nc6 3. d4 cxd4 4.
Nxd4 Nf6 5. Nc3 d6 6. Be2 e6 7. O-O Be7 8. Kh1 Bd7 9. f4 O-O 10. f5 e5 11. Nf3 Qb6 12. Bd3 Rad8 13. Qe2 Qc7 14. Bg5 Nb4 15. Bxf6 Bxf6 16. a3 Nxd3 17. cxd3 Bc6 18. Rac1 Qe7 19. Qe3 a6 20. Rc2 g6 21. fxg6 fxg6 22. Rcf2 Bg7 23. b4 Rc8 24.
Qd2 Qe6 25. Ng5 Rxf2 26. Rxf2 Qg4 27. h3 Qg3 28. Ne6 Bh6 29. Qxh6 Qxf2 30. Qg7# 1

[Event "Open Nuevo Centro. Jornada 1"]
[Site "Chess.com"]
[Date "2020.06.19"]
[Round "9"]
[White "Blanco Solaz, Ram�n"]
[Black "Aymerich Rosell, Pablo"]
[Result "0-1"]
[WhiteElo "1956"]
[BlackElo "2008"]
[TimeControl "180+2"]
[EndTime "12:13:25 PDT"]
[Termination "Victoria de jasikevic por abandono"]

1. g3 Nf6 2. c4 g6 3. Nc3 Bg7 4.
e4 d6 5. Nge2 O-O 6. Bg2 c5 7.
O-O Nc6 8. d3 Rb8 9. h3 a6 10.
a4 Nd4 11. Be3 Nd7 12. f4 e6 13. Kh2 b6 14. g4 f5 15. gxf5 gxf5 16. Rg1 Kh8 17. Ng3 Qh4 18. Nh5 Bh6 19. Bxd4+ cxd4 20. Ne2 Qxh5 21. exf5 exf5 22. Qf1 Bg7 23. Bf3 Qh6 24.
Rg5 Nc5 25. Ng3 Bf6 26. Rh5 Qxf4 27. Qe2 Rg8 28. Rg1 Be5 29. Qg2 Rxg3 30. Qxg3 Qxg3+ 31. Rxg3 Nxd3 32. Rh6 Bb7 33. Kg2 Bxg3 34. Kxg3 Bxf3 35.
Kxf3 Ne5+ 36. Kf4 d3 37. Ke3 Rd8 38. Re6 f4+ 39. Kxf4 d2 0